 Dungeon Crawl Stone Soup version 0.17-a0-2073-gde5cdba (webtiles) character file.

122 radek the Conjurer (level 4, -4/24 HPs)
             Began as a Deep Elf Conjurer on Oct 15, 2015.
             Killed from afar by Sigmund (5 damage)
             ... with a puff of flame
             ... on level 3 of the Dungeon.
             The game lasted 00:11:00 (2304 turns).

radek the Conjurer (Deep Elf Conjurer)              Turns: 2304, Time: 00:11:00

Health: -4/24      AC:  2    Str:  6    XL:     4   Next: 78%
Magic:  5/10       EV: 13    Int: 20    God:
Gold:   93         SH:  0    Dex: 15    Spells: 1 memorised, 8 levels left

rFire  + . .     SeeInvis +     (no weapon)
rCold  . . .     Clarity  .     a - +0 robe
rNeg   . . .     SustAt   .     (no shield)
rPois  .         Gourm    .     (no helmet)
rElec  .         Spirit   .     (no cloak)
rCorr  .         Warding  .     (no gloves)
rMut   .         Stasis   .     (no boots)
MR     .....                    (no amulet)
Stlth  +.........               k - ring of see invisible
                                d - ring of protection from fire

@: confused, not resistant to hostile enchantments, very unstealthy
A: no striking features
a: no special abilities


You were on level 3 of the Dungeon.
You were not hungry.

You visited 1 branch of the dungeon, and saw 3 of its levels.

You collected 93 gold pieces.

Inventory:

Armour
 a - a +0 robe (worn)
Jewellery
 d - a ring of protection from fire (left hand)
 k - a ring of see invisible (right hand)
Scrolls
 e - a scroll of identify {unknown}
 j - a scroll of remove curse {unknown}
 m - a scroll of amnesia {unknown}
 n - a scroll of enchant weapon {unknown}
 o - a scroll of teleportation {unknown}
Potions
 g - a potion of curing {unknown}
 h - 2 potions of haste
 i - a potion of resistance {unknown}
Books
 b - a book of Conjurations

   Spells                             Type                      Level
   a - Magic Dart                     Conjuration                  1
   b - Searing Ray                    Conjuration                  2
   c - Dazzling Spray                 Conjuration/Hexes            3
   d - Fulminant Prism                Conjuration/Hexes            4
   e - Iskenderun's Mystic Blast      Conjuration                  4
   f - Iskenderun's Battlesphere      Conjuration/Charms           5
Comestibles
 c - a bread ration
 f - 3 meat rations


   Skills:
 - Level 2.4 Dodging
 - Level 2.4 Stealth
 - Level 3.0 Spellcasting
 + Level 6.8 Conjurations


You had 8 spell levels left.
You knew the following spells:

 Your Spells              Type           Power        Failure   Level  Hunger
a - Magic Dart            Conj           ####         1%          1    None


Dungeon Overview and Level Annotations

Branches:
Dungeon (3/15)

Altars:
Dithmenos
Qazlal
Yredelemnul

Annotations:
D:3 Sigmund


Message History

Aiming: Magic Dart
Press: ? - help, Shift-Dir - straight line, f/p - Sigmund
Aim: Sigmund, wielding a scythe and wearing a robe (severely wounded, fast)
The magic dart hits Sigmund.
Sigmund is almost dead.
Sigmund casts a spell at you.
You are confused.
Sigmund hits you from afar with a scythe.
You're too confused to cast spells.
Sigmund points at you and mumbles some strange words.
You resist with some effort.
Sigmund hits you from afar with a scythe!
Ouch! That really hurt!
* * * LOW HITPOINT WARNING * * *
Sigmund gestures at you while chanting.
You are more confused.
You bump into the rock wall.
Sigmund gestures at you while chanting. The puff of flame hits you! You resist.
You die...

.........# .........#
.........# )#########
.# .###
########+####### ...#
########.#..?..........
..<#
#........#.....<.......
...#
#.######@#.............
(..# #.#
#.#............. ...#
#.# #@#..a..........
...# #.#
#(######'####### ...#
#.# #.# #.# ...# #(#
#.######.# )..# #.#
#...@....# ...# #.#
########.# ...# #.# ###


You could see Sigmund.

Vanquished Creatures
  Natasha (thrice) (D:2)
  4 adders
  An ooze (D:2)
  3 orcs (D:3)
  4 bats
  4 giant cockroaches
  3 hobgoblins
  7 jackals (D:2)
  2 quokkas (D:2)
  2 giant geckos (D:2)
  2 giant newts
  3 goblins
  4 kobolds
  8 rats
50 creatures vanquished.

Notes
Turn   | Place    | Note
--------------------------------------------------------------
     0 | D:1      | radek the Deep Elf Conjurer began the quest for the Orb.
     0 | D:1      | Reached XP level 1. HP: 10/10 MP: 6/6
   414 | D:1      | Reached XP level 2. HP: 15/15 MP: 2/8
   552 | D:1      | You fall through a shaft!
   552 | D:2      | Found a basalt altar of Yredelemnul.
   555 | D:2      | Reached skill level 5 in Conjurations
   723 | D:2      | Reached XP level 3. HP: 19/19 MP: 5/9
   808 | D:2      | Found a stormy altar of Qazlal.
   825 | D:2      | Found a shadowy altar of Dithmenos.
  1238 | D:2      | Noticed Natasha
  1247 | D:2      | Killed Natasha
  1247 | D:2      | Reached skill level 6 in Conjurations
  1247 | D:2      | Reached XP level 4. HP: 20/24 MP: 2/10
  1414 | D:2      | Noticed Natasha
  1546 | D:2      | Killed Natasha
  1653 | D:2      | Noticed Natasha
  1655 | D:2      | Killed Natasha
  1752 | D:3      | Noticed Sigmund
  2301 | D:3      | HP: 1/24 [Sigmund/scythe (12)]
  2304 | D:3      | Killed from afar by Sigmund

Vault maps used:
D:1:      dpeg_arrival_sounds_slurp
D:2:      lemuel_round_altar, old_standard_altar, yredelemnul_altar_generic,
          uniq_natasha
D:3:      roderic_roman_lattice, uniq_sigmund

Action                   |  1- 3 |  4- 6 || total
-------------------------+-------+-------++-------
 Cast: Magic Dart        |    62 |    46 ||   108
  Eat: Royal jelly       |     1 |       ||     1
       Chunk             |       |     2 ||     2
